 Dungeon Crawl Stone Soup version 0.29.1-12-g30fa7ad0bf (webtiles) character file.

Game seed: 11432974182850547794

23 fantasyman the Covered (level 2, -7/26 HPs)
             Began as a Demigod Fighter on Dec 20, 2022.
             Mangled by Crazy Yiuf
             ... wielding a +4 quarterstaff of chaos
              (12 damage)
             ... on level 2 of the Dungeon.
             The game lasted 00:01:01 (1099 turns).

fantasyman the Covered (Demigod Fighter)            Turns: 1099, Time: 00:01:01

Health: -7/26      AC:  6    Str: 17    XL:     2   Next: 57%
Magic:  1/4        EV:  9    Int: 10    God:
Gold:   57         SH:  4    Dex: 13    Spells: 1/1 levels left

rFire   . . .      SeeInvis .   a - +1 war axe
rCold   . . .      Faith    .   c - +0 buckler
rNeg    . . .      Spirit   .   b - +0 scale mail
rPois   .          Reflect  .   (no helmet)
rElec   .          Harm     .   (no cloak)
rCorr   .          Rampage  .   (no gloves)
Will    .....                   (no boots)
Stlth   ..........              (no amulet)
HPRegen 0.08/turn               (no ring)
MPRegen 0.09/turn               (no ring)

@: no status effects
A: high MP 1, forlorn, divine attributes
a: no special abilities


You were on level 2 of the Dungeon.
You visited 1 branch of the dungeon, and saw 2 of its levels.

You collected 57 gold pieces.

Inventory:

Hand Weapons
 a - a +1 war axe (weapon)
Armour
 b - a +0 scale mail (worn)
 c - a +0 buckler (worn)
Jewellery
 h - a ring of wizardry
 k - an amulet of the acrobat
Scrolls
 e - a scroll of identify
Potions
 d - a potion of might
 f - a potion of heal wounds
 i - a potion of attraction
 j - a potion of curing


   Skills:
 + Level 3.0 Fighting
 - Level 1.7 Axes
 + Level 3.1 Armour
 + Level 3.0 Shields


You had one spell level left.
You didn't know any spells.
Your spell library was empty.

Dungeon Overview and Level Annotations

Branches:
Dungeon (2/15)

Annotations:
D:2 Crazy Yiuf


Innate Abilities, Weirdness & Mutations

You have an increased reservoir of magic. (+10% MP)
You shall have no god before yourself.
Your divine heritage dramatically boosts your attributes as you level up.


Message History

Your +0 war axe glows red for a moment.
As you read the scroll labelled JIRREUTROE, it crumbles to dust.
You feel strangely unstable.
It was a scroll of teleportation.
It was a potion of heal wounds.
You feel much better.
It was a potion of curing.
You feel better.
Crazy Yiuf glowers.
You open the door.
Your surroundings suddenly seem different.
You start waiting.
Crazy Yiuf is nearby!
Crazy Yiuf cries, "Mugger horse cower!"
You block Crazy Yiuf's attack.
There is a stone staircase leading up here.
You hit Crazy Yiuf.
Crazy Yiuf is lightly wounded.
Crazy Yiuf hits you with a +4 quarterstaff of chaos!
You feel your power leaking away.
You hit Crazy Yiuf.
Crazy Yiuf is lightly wounded.
Crazy Yiuf barely misses you.
You hit Crazy Yiuf.
Crazy Yiuf is moderately wounded.
You block Crazy Yiuf's attack.
Crazy Yiuf says, "Race!
Flower ladder koolooloo."
Crazy Yiuf hits you with a +4 quarterstaff of chaos!
* * * LOW HITPOINT WARNING * * *
You are too injured to fight recklessly!
You are too injured to fight recklessly!
You are too injured to fight recklessly!
You are too injured to fight recklessly!
You are too injured to fight recklessly!
You are too injured to fight recklessly!
You barely miss Crazy Yiuf.
Crazy Yiuf is moderately wounded.
Crazy Yiuf barely misses you.
You slash Crazy Yiuf!
Crazy Yiuf is severely wounded.
Crazy Yiuf closely misses you.
Crazy Yiuf hits you with a +4 quarterstaff of chaos!
You die...

#...##.#.# ##.#.# #.#
.....#.#.#####..#.######.########
................#......(.........
.....#.......#..#..#####.########
....########.............# .#.##
###.....####### ...# ##.#.## .###
#####...##### .#
########.....@.....# ######### .#
#........####.g.##.# #........ .#
#.#####..# #....#.###.#######
.###.#####..# ##..#####...######
........##..# #....# #.........
####.##.##..## #....# #...####.#
#.##.##...# #...## ##.## #.#
#.........# ##.## #.#####.#
####<###..# #.## #...)....


You could see Crazy Yiuf.

Vanquished Creatures
  2 endoplasms
  2 giant cockroaches (D:2)
  2 goblins (D:2)
  3 jackals (D:2)
  A quokka (D:2)
  2 ball pythons (D:2)
  2 bats (D:2)
  2 frilled lizards (D:2)
  3 kobolds (D:2)
  3 rats (D:2)
22 creatures vanquished.

Notes
Turn   | Place    | Note
-------+----------+-------------------------------------------
     0 | D:1      | fantasyman the Demigod Fighter began the quest for the Orb.
     0 | D:1      | Reached XP level 1. HP: 18/18 MP: 3/3
    41 | D:1      | You fall into a shaft and drop 1 floor!
   248 | D:2      | Reached XP level 2. HP: 24/25 MP: 4/4
   440 | D:2      | Found a runed translucent door.
   441 | D:2      | Noticed Crazy Yiuf
  1099 | D:2      | Mangled by Crazy Yiuf

Illustrated notes

Levels and vault maps discovered:
D:1:      dpeg_arrival_boxes_within_box, layout_basic, serial_shops, shop,
          nicolae_shop_bloodbath_and_beyond, shop_statue,
          nicolae_shop_advertising_works [nicolae_subvault_shop_adworks], shop,
          minmay_door_square, minmay_misc_feat_tower, st_stairs_9,
          amethyst_killhole
D:2:      layout_loops_ring, ebering_ecumenical_altar_ruins,
          uniq_crazy_yiuf_cottage

Skill      XL: |  1  2 |
---------------+-------+-----
Fighting       | 3 |  3.0
Armour         | 3 |  3.1
Shields        | 3 |  3.0
Axes           | |  1.7

Action                   || total
-------------------------++-------
Melee: War axe           ||    56
  Use: Scroll            ||     3
       Potion            ||     2
Armor: Scale mail        ||    16
Dodge: Dodged            ||    28
Block: Buckler           ||    19
